 Dungeon Crawl Stone Soup version 0.29.0-4-gdea44cf6ec (webtiles) character file.

Game seed: 1152975554437143290

28 qw the Chopper (level 2, -1/24 HPs)
             Began as a Demonspawn Cinder Acolyte on Sept 9, 2022.
             Was a High Priest of Ignis.
             Frozen to death by an endoplasm (5 damage)
             ... on level 1 of the Dungeon.
             The game lasted 00:00:19 (675 turns).

qw the Chopper (Demonspawn Cinder Acolyte)           Turns: 675, Time: 00:00:19

Health: -1/24      AC:  9    Str: 14    XL:     2   Next: 96%
Magic:  3/3        EV: 11    Int: 15    God:    Ignis [*****.]
Gold:   42         SH:  0    Dex:  8    Spells: 3/3 levels left

rFire   + . .      SeeInvis .   a - -1 hand axe (flame)
rCold   . . .      Faith    .   (no shield)
rNeg    . . .      Spirit   .   b - +0 robe
rPois   .          Reflect  .   (no helmet)
rElec   .          Harm     .   (no cloak)
rCorr   .          Rampage  .   (no gloves)
Will    .....                   (no boots)
Stlth   +.........              (no amulet)
HPRegen 0.08/turn               (no ring)
MPRegen 0.08/turn               (no ring)

@: fiery-armoured
A: weakness stinger 1
a: Renounce Religion, Fiery Armour, Foxfire Swarm, Rising Flame


You were on level 1 of the Dungeon.
You worshipped Ignis.
Ignis was extremely pleased with you.
You visited 1 branch of the dungeon, and saw 1 of its levels.

You collected 42 gold pieces.


Innate Abilities, Weirdness & Mutations

You have a small tail.


   Skills:
 - Level 3.0 Fighting
 + Level 3.8 Axes
 - Level 1.0 Spellcasting
 - Level 2.6 Fire Magic


You had 3 spell levels left.
You didn't know any spells.
Your spell library contained the following spells:

 Spells                   Type           Power      Damage    Failure   Level
 Scorch                   Fire           16%        2d5       12%         2

Inventory:

Hand Weapons
 a - a -1 hand axe of flaming (weapon)
Armour
 b - a +0 robe (worn)
Scrolls
 c - a scroll of immolation {unknown}
 g - a scroll of blinking {unknown}
Potions
 d - a potion of heal wounds {unknown}
 e - a potion of magic {unknown}
 f - a potion of attraction {unknown}

Dungeon Overview and Level Annotations

Branches:
Dungeon (1/15)

Altars:


Message History

You barely miss the hobgoblin. You miss the frilled lizard.
The hobgoblin hits you but does no damage.
The frilled lizard bites you.
You closely miss the hobgoblin. You closely miss the frilled lizard.
The hobgoblin hits you. The frilled lizard bites you.
665 ||| Stepping ~*~*~tactically~*~*~ (stealth).
You see here a +0 flail.
You completely miss the hobgoblin. You barely miss the frilled lizard.
The hobgoblin hits you.
The frilled lizard bites you but does no damage.
667 ||| INVOKING Fiery Armour.
A protective cloak of flame settles atop you.
The hobgoblin hits you but does no damage.
The hobgoblin is burned by your cloak of flames.
You kill the hobgoblin!
The frilled lizard closely misses you.
The endoplasm quivers. x2
You hit the jackal. You burn the jackal.
You kill the jackal!
You closely miss the frilled lizard.
The frilled lizard bites you but does no damage.
The frilled lizard is burned by your cloak of flames.
You kill the frilled lizard!
The frilled lizard hisses angrily.
You hit the endoplasm. You burn the endoplasm.
The endoplasm is moderately wounded.
The endoplasm freezes you.
You are frozen.
You hit the endoplasm but do no damage.
The endoplasm is moderately wounded.
The endoplasm freezes you.
You are frozen.
You hit the endoplasm. You burn the endoplasm.
The endoplasm is severely wounded.
You hit the frilled lizard. You burn the frilled lizard.
You kill the frilled lizard!
The endoplasm closely misses you. The endoplasm freezes you.
You are frozen.
You die...

##....$J. ........ ########
...... .......# ...#
.......# #.##### .......#
#######%%...########...##
##......).................
##.....##JJ#.#>##..##......
#.........@##.###..|.....#.
#......##.##### ##.##....#.
## #......>### ###>.#.##. ..
#..>..##.## #####.##.#.##.
#.##........###.##.....#.##.
#....##)##..##>#<#..##.#.##.
####.##..........%.....#.##.
#.##.#####.........##..#%
#.#..........#.......#...


You could see 2 endoplasms.

Vanquished Creatures
  A dart slug (D:1)
  An endoplasm (D:1)
  2 giant cockroaches (D:1)
  2 hobgoblins (D:1)
  5 jackals (D:1)
  A quokka (D:1)
  3 ball pythons (D:1)
  3 frilled lizards (D:1)
  3 goblins (D:1)
  2 kobolds (D:1)
  A rat (D:1)
24 creatures vanquished.

Notes
Turn   | Place    | Note
-------+----------+-------------------------------------------
     0 | D:1      | qw the Demonspawn Cinder Acolyte began the quest for the
                  | Orb.
     0 | D:1      | Reached XP level 1. HP: 18/18 MP: 2/2
     0 | D:1      | 0 ||| qw: Version: 0.1-a-113-g051387a
     0 | D:1      | 0 ||| qw: Game counter: 7257
     0 | D:1      | 0 ||| qw: Always use a shield: true
     0 | D:1      | 0 ||| qw: God list: Okawaru
     0 | D:1      | 0 ||| qw: Allow faded altars: false
     0 | D:1      | 0 ||| qw: Do Orc after D:15 true
     0 | D:1      | 0 ||| qw: Do second Lair branch before Depths: true
     0 | D:1      | 0 ||| qw: Lair rune preference: random
     0 | D:1      | 0 ||| qw: Plans: Normal
     0 | D:1      | 0 ||| PLANNING D:1-11
    35 | D:1      | Reached skill level 3 in Axes
   168 | D:1      | Gained mutation: You have a small tail. [demonic ancestry]
   168 | D:1      | Reached XP level 2. HP: 24/24 MP: 3/3
   176 | D:1      | 176 ||| Stepping ~*~*~tactically~*~*~ (stealth).
   177 | D:1      | 177 ||| Stepping ~*~*~tactically~*~*~ (stealth).
   254 | D:1      | 254 ||| Stepping ~*~*~tactically~*~*~ (stealth).
   260 | D:1      | 260 ||| Stepping ~*~*~tactically~*~*~ (stealth).
   261 | D:1      | 261 ||| Stepping ~*~*~tactically~*~*~ (stealth).
   373 | D:1      | 373 ||| Stepping ~*~*~tactically~*~*~ (hiding).
   475 | D:1      | 475 ||| Stepping ~*~*~tactically~*~*~ (hiding).
   640 | D:1      | 640 ||| Stepping ~*~*~tactically~*~*~ (stealth).
   646 | D:1      | 646 ||| Stepping ~*~*~tactically~*~*~ (stealth).
   651 | D:1      | 651 ||| Stepping ~*~*~tactically~*~*~ (stealth).
   659 | D:1      | 659 ||| Stepping ~*~*~tactically~*~*~ (stealth).
   665 | D:1      | 665 ||| Stepping ~*~*~tactically~*~*~ (stealth).
   667 | D:1      | 667 ||| INVOKING Fiery Armour.
   673 | D:1      | HP: 6/24 [frozen (4)]
   675 | D:1      | Frozen to death by an endoplasm

Levels and vault maps discovered:
D:1:      onia_arrival_handbag, layout_rooms, corner_web_ring, minmay_vboxes

Skill      XL: |  1 |
---------------+----+-----
Axes           | 3 |  3.8
Fighting       | |  3.0
Spellcasting   | |  1.0
Fire Magic     | |  2.6

Action                   || total
-------------------------++-------
Melee: Hand axe          ||    61
       Tailslap          ||     1
Invok: Fiery Armour      ||     1
Armor: Robe              ||    12
Dodge: Dodged            ||    28

Table legend:
 A = Non-vault XP
 B = Vault XP
 C = Vault XP percentage of total XP
 D = Non-vault monster count
 E = Vault monster count
 F = Vault count percentage of total count
                 A         B        C        D         E       F
            +---------+---------+-------+---------+---------+-------
      Total |      28 |      13 |  31.7 |      15 |       9 |  37.5
            +---------+---------+-------+---------+---------+-------
        D:1 |      28 |      13 |  31.7 |      15 |       9 |  37.5
            +---------+---------+-------+---------+---------+-------
